 Dungeon Crawl Stone Soup version 0.30-a0-335-ge5acde7520 (webtiles) character file.

Game seed: 9593419179176113046

704 greasedhog the Trooper (level 7, -15/57 HPs)
             Began as a Merfolk Fighter on Oct 30, 2022.
             Was a Follower of Okawaru.
             Demolished by an ogre
             ... wielding a +0 giant club
              (20 damage)
             ... on level 4 of the Dungeon.
             The game lasted 00:04:05 (3407 turns).

greasedhog the Trooper (Merfolk Fighter)            Turns: 3407, Time: 00:04:06

Health: -15/57     AC:  7    Str: 17    XL:     7   Next: 66%
Magic:  7/7        EV: 13    Int:  7    God:    Okawaru [*.....]
Gold:   189        SH:  5    Dex: 15    Spells: 6/6 levels left

rFire   . . .      SeeInvis .    e - +1 dagger (venom)
rCold   . . .      Faith    .    c - +0 buckler
rNeg    . . .      Spirit   .    q - +3 leather armour of Focus {Will+}
rPois   .          Reflect  .    (no helmet)
rElec   .          Harm     .    (no cloak)
rCorr   +          Rampage  .    j - +0 pair of gloves
Will    ++...                    (no boots)
Stlth   +.........               (no amulet)
HPRegen 0.29/turn                h - ring of willpower
MPRegen 0.10/turn                k - ring of resist corrosion

@: no status effects
A: (nimble swimmer 2), mertail
a: Renounce Religion, Heroism


You were on level 4 of the Dungeon.
You worshipped Okawaru.
Okawaru was aware of your devotion.
You visited 1 branch of the dungeon, and saw 4 of its levels.

You collected 189 gold pieces.

Inventory:

Hand Weapons
 a - a +0 long sword
 e - a +1 dagger of venom (weapon)
Armour
 c - a +0 buckler (worn)
 j - a +0 pair of gloves (worn)
 q - the +3 leather armour of Focus (worn) {Will+}
   (You found it on level 3 of the Dungeon)

   Will:      It increases your willpower.
Jewellery
 h - a ring of willpower (left hand)
 k - a ring of resist corrosion (right hand)
Scrolls
 l - 4 scrolls of identify
 m - a scroll of teleportation
 n - a scroll of vulnerability {unknown}
 p - a scroll of immolation {unknown}
Potions
 b - a potion of curing {unknown}
 d - 2 potions of might
 f - a potion of flight {unknown}
 g - 5 potions of heal wounds {unknown}
 i - a potion of brilliance {unknown}
 o - a potion of mutation {unknown}


   Skills:
 * Level 5.8 Fighting
 * Level 5.7 Long Blades
 * Level 2.4 Armour
 - Level 5.0 Dodging
 + Level 4.2 Shields


You had 6 spell levels left.
You didn't know any spells.
Your spell library contained the following spells:

 Spells                   Type           Power      Damage    Failure   Level
 Gell's Gravitas          Tloc           0%         N/A       91%         3
 Lesser Beckoning         Tloc           0%         N/A       91%         3
 Teleport Other           Tloc           0%         N/A       91%         3
 Passage of Golubria      Tloc           0%         N/A       100%        4
 Yara's Violent Unravell  Hex/Tmut       0%         3d3       100%        5
 Tukima's Dance           Hex            Unusable   N/A       N/A         3

Dungeon Overview and Level Annotations

Branches:
Dungeon (4/15)
 Temple: D:4-7

Altars:
Makhleb
Okawaru
Vehumet

Shops:
D:2 (


Innate Abilities, Weirdness & Mutations

((You are very nimble when in or above water. (Stealth+, EV+, Speed+++)))
Your lower body shifts to a powerful aquatic tail in water.


Message History

An ogre comes into view. It is wielding a +0 giant club.
You barely miss the kobold.
The kobold is severely wounded.
The kobold closely misses you.
You hit the kobold.
You kill the kobold!
Okawaru accepts your kill.
Items here: ( ) ? [ †.
You hit the ogre.
The ogre is lightly wounded.
The ogre hits you with a +0 giant club!!
You barely miss the ogre.
The ogre is lightly wounded.
The ogre hits you with a +0 giant club!!
* * * LOW HITPOINT WARNING * * *
You are too injured to fight recklessly!
You are too injured to fight recklessly!
You are too injured to fight recklessly!
You are too injured to fight recklessly!
You are too injured to fight recklessly!
You are too injured to fight recklessly!
You are too injured to fight recklessly!
You are too injured to fight recklessly!
You are too injured to fight recklessly!
You are too injured to fight recklessly!
You hit the ogre.
The ogre is poisoned.
The ogre is lightly wounded.
You completely miss the ogre.
The ogre is lightly wounded.
The ogre hits you with a +0 giant club!
* * * LOW HITPOINT WARNING * * *
Items here: ( ) ? [ †.
There is an open door here.
Things that are here:
a +0 whip; a +0 ring mail; an orc corpse
There is an open door here.
The ogre attacks as you move away! The ogre barely misses you.
The ogre attacks as you move away!
The ogre hits you with a +0 giant club!!
You die...

#.≈~~~......#..≈~≈≈≈~~.≈≈#≈
.#~~≈~≈...#..#.~~≈#≈#≈~.~#≈≈
...~~~)...#....~~≈~~~~...~≈≈
##~~~~≈.........~~~≈~~.<.~≈†
...≈~~~..##.##.~≈~≈~≈~(..~))
###.≈~~~###.##.~~~≈≈≈≈~<~~≈≈
≈≈≈≈~≈~.....##..≈#≈≈≈≈~..~≈#
≈≈~.≈~~.###.##.#.~≈≈≈≈.♣.##≈
≈≈~~≈≈~...O@.....≈#≈≈≈≈..~≈≈
≈≈≈≈~.......##....~≈≈≈~~~≈~~
########~##.....##......≈≈~≈≈≈~.
#.##.##.##......###.#..##≈~.~≈..
#.##.#####'###..# #.#.. #.#.####
#.....##.).).##........ ....# #
####.##..)))..########. ##### #
#..#.......#### #
##.'..._...'..# # #


You could see an ogre (poisoned).

Vanquished Creatures
  A steam dragon (D:4)
  2 phantoms (D:3)
  A bullfrog (D:3)
  A scorpion (D:4)
  3 orc priests
  Natasha (D:3)
  An orc wizard (D:4)
  4 gnolls (D:2)
  2 adders
  A worm (D:2)
  10 dart slugs
  9 orcs
  4 ball pythons
  5 bats
  5 endoplasms
  2 giant cockroaches
  8 goblins
  5 hobgoblins
  4 jackals (D:1)
  A quokka (D:1)
  2 frilled lizards
  10 kobolds
  7 rats
89 creatures vanquished.

Vanquished Creatures (others)
  A kobold (D:4)
1 creature vanquished.

Grand Total: 90 creatures vanquished

Notes
Turn   | Place    | Note
-------+----------+-------------------------------------------
     0 | D:1      | greasedhog the Merfolk Fighter began the quest for the Orb.
     0 | D:1      | Reached XP level 1. HP: 18/18 MP: 1/1
    52 | D:1      | Reached skill level 1 in Dodging
    65 | D:1      | Reached XP level 2. HP: 9/24 MP: 2/2
   371 | D:1      | Reached XP level 3. HP: 21/29 MP: 3/3
  1041 | D:2      | Found Isetos's Weapon Shoppe.
  1072 | D:2      | Reached XP level 4. HP: 24/37 MP: 4/4
  1743 | D:3      | Reached XP level 5. HP: 42/42 MP: 5/5
  1802 | D:3      | Noticed a phantom
  1832 | D:3      | Killed a phantom
  2170 | D:3      | Reached XP level 6. HP: 38/49 MP: 6/6
  2180 | D:3      | Found an iron altar of Okawaru.
  2255 | D:3      | Identified the +3 leather armour of Focus {Will+}
  2272 | D:3      | Became a worshipper of Warmaster Okawaru
  2331 | D:3      | Noticed Natasha
  2340 | D:3      | Killed Natasha
  2660 | D:4      | Noticed a steam dragon
  2677 | D:4      | Killed a steam dragon
  2678 | D:4      | Reached skill level 5 in Fighting
  2867 | D:3      | Reached skill level 5 in Long Blades
  2867 | D:3      | Reached XP level 7. HP: 17/56 MP: 7/7
  2889 | D:3      | Reached skill level 5 in Dodging
  3096 | D:4      | Reached * piety under Okawaru
  3202 | D:4      | Found a burning altar of Makhleb.
  3286 | D:4      | Found a radiant altar of Vehumet.
  3390 | D:4      | HP: 1/57 [ogre/+0 giant club (11)]
  3407 | D:4      | Demolished by an ogre

Illustrated notes

Levels and vault maps discovered:
D:1:      minmay_arrival_doors, layout_basic
D:2:      layout_basic, serial_shops, nicolae_shop_bloodbath_and_beyond,
          minmay_statues_item, grunt_decor_fettered,
          corexii_item_surrounded_by_moat
D:3:      layout_loops_ring, mainiacjoe_overflow_small_starburst,
          corexii_hall_statues_x, chequers_avenue, roderic_serpentine_path,
          kennysheep_generic_room_4, uniq_natasha
D:4:      kennysheep_slugbush, layout_loops_cross, kennysheep_mini,
          nicolae_vehumet_altar_sigil, serial_rivers,
          chequers_serial_rivers_large_a, chequers_serial_rivers_large_b,
          chequers_serial_rivers_micro_c, chequers_serial_rivers_micro_c,
          chequers_serial_rivers_micro_b

Skill      XL: |  1  2  3  4  5  6  7 |
---------------+----------------------+-----
Dodging        | 1 2 3 4 5 |  5.0
Long Blades    | 3 4 5 |  5.7
Fighting       | 4 5 |  5.8
Shields        | 4 |  4.2
Armour         | |  2.4

Action                   |  1- 3 |  4- 6 |  7- 9 || total
-------------------------+-------+-------+-------++-------
Melee: Long sword        |    72 |       |       ||    72
       Dagger            |    45 |   180 |    85 ||   310
       Tailslap          |       |     2 |     4 ||     6
  Use: Scroll            |     2 |       |       ||     2
Armor: Scale mail        |    55 |       |       ||    55
       Ring mail         |     8 |    30 |       ||    38
       Leather armour    |       |    24 |    20 ||    44
Dodge: Dodged            |    61 |    87 |    45 ||   193
Block: Buckler           |    33 |    36 |    17 ||    86

Table legend: (Time is in decaauts)
 A = Elapsed time spent in this place.
 B = Non-inter-level travel time spent in this place.
 C = Inter-level travel time spent in this place.
 D = Time resting spent in this place.
 E = Time spent auto-exploring this place.
 F = Levels seen in this place.
 G = Mean time per level.
                   A        B        C        D        E       F      G
               +--------+--------+--------+--------+--------+-----+--------+
         Total |   3383 |   3340 |     43 |    437 |   2182 |   4 |  845.8 |
       Dungeon |   3383 |   3340 |     43 |    437 |   2182 |   4 |  845.8 |
               +--------+--------+--------+--------+--------+-----+--------+

Top non-repeatable levels by time:
     D:3: 1298 daAuts
     D:1: 926 daAuts
     D:2: 732 daAuts
     D:4: 426 daAuts
